AoeStats
← theoneandonlybuzzer

Arena

506888602Analyzed
2v2 RM · 17d ago on Sep 15, 2026· 24m 16s· 4 players
Game mode
Random Map
Map size
Medium (4 player)
Population
200
Speed
Normal
Resources
Standard
Victory
Conquest
Starting age
Dark Age
Ending age
Imperial Age
RankedLock teamsTeams togetherTeam positionsShared explorationLock speedFull tech treeHidden civsTurbo modeCheats
Victory
Defeat
🇺🇸 Cumans · United States
1202
+10
🇲🇽 Bohemians · Mexico
927
+21
🇩🇪 Bohemians · Germany
1143
-19
🇩🇪 Byzantines · Germany
960
-37
DoriisGod
11:35 Feudal Age
13:08 Wheelbarrow
14:35 Horse Collar
19:38 Castle Age
19:35 Stone Mining
21:15 Hand Cart
theoneandonlybuzzer
10:25 Feudal Age
8:41 Loom
12:40 Town Watch
17:15 Castle Age
15:34 Double-Bit Axe
15:32 Horse Collar
22:02 Wheelbarrow
22:48 Fletching
22:58 Padded Archer Armor
23:00 Heavy Plow
Mogador
10:46 Feudal Age
11:13 Horse Collar
17:25 Castle Age
16:38 Double-Bit Axe
20:14 Wheelbarrow
ElMancoSaiyajin
10:46 Feudal Age
13:04 Double-Bit Axe
21:40 Castle Age
20:50 Bloodlines
21:14 Scale Barding Armor
21:10 Gold Mining
22:16 Capped Ram
Connection lost

Rejoining the realm…

Still unreachable

The connection could not be restored.

Session expired

The server has moved on; the page needs a fresh start.